| TOP OF THE 1ST |
|
Pittsburgh Pirates batting - Pitching for Washington Nationals : LHP Kerry Baty
|
|
Pitching: LHP Kerry Baty
|
|
|
Batting: RHB Chiel Palstermans
|
0-0: Swinging Strike 0-1: Ball 1-1: Ball 2-1: Fly out, F7 (Flyball, 7LS, EV 78.8 MPH)
|
|
Batting: LHB Jordan de Jesus
|
0-0: Swinging Strike 0-1: Called Strike 0-2: Strikes out looking
|
|
Batting: RHB David Contreras
|
0-0: Swinging Strike 0-1: Called Strike 0-2: Foul Ball, location: 2F 0-2: Ball 1-2: Foul Ball, location: 2F 1-2: Ball 2-2: Foul Ball, location: 2F 2-2: Strikes out swinging
|
| Top of the 1st over - 0 runs, 0 hits, 0 errors, 0 left on base; Pittsburgh 0 - Washington 0 |
| BOTTOM OF THE 1ST |
|
Washington Nationals batting - Pitching for Pittsburgh Pirates : LHP Felix Bernal
|
|
Pitching: LHP Felix Bernal
|
|
|
Batting: RHB Hisayuki Akiyama
|
0-0: Ball 1-0: Swinging Strike 1-1: Ball 2-1: Ground out 2-3 (Groundball, 2L, EV 67.5 MPH)
|
|
Batting: LHB Bob Melley
|
0-0: Hit by Pitch
|
|
Batting: RHB Dave Vargas
|
0-0: Ball 1-0: Called Strike 1-1: Ball 2-1: Called Strike 2-2: Strikes out swinging
|
|
Batting: RHB Dan Fallon
|
0-0: Ball Bob Melley steals 2nd base 1-0: Foul Ball, location: 2F 1-1: TRIPLE (Flyball, 78XD, EV 111.9 MPH) Bob Melley scores
|
|
Batting: LHB Seth Cook
|
0-0: Ball 1-0: Ball 2-0: Called Strike 2-1: Swinging Strike 2-2: Strikes out looking
|
| Bottom of the 1st over - 1 run, 1 hit, 0 errors, 1 left on base; Pittsburgh 0 - Washington 1 |
| TOP OF THE 2ND |
|
Pittsburgh Pirates batting - Pitching for Washington Nationals : LHP Kerry Baty
|
|
Batting: LHB Nick Rooney
|
0-0: Ball 1-0: Called Strike 1-1: Ball 2-1: SINGLE (Flyball, 4MD, EV 85.6 MPH)
|
|
Batting: RHB Jason Moss
|
0-0: Ball 1-0: SINGLE (Line Drive, 7S, EV 89.4 MPH) Nick Rooney to second
|
|
Batting: LHB Brad Pepin
|
0-0: Called Strike Nick Rooney steals 3rd base Jason Moss to second 0-1: Foul Ball, location: 2F 0-2: Ball 1-2: Foul Ball, location: 2F 1-2: Reached on error, E4 (Groundball, 4, EV 100.6 MPH) Nick Rooney scores Jason Moss to third
|
|
Batting: SHB Brad Day
|
0-0: Ball 1-0: Called Strike 1-1: Foul Ball, location: 2F 1-2: Ball 2-2: Strikes out looking
|
|
Batting: LHB Micah Boshnjaku
|
0-0: Ball 1-0: Ball 2-0: Foul Ball, location: 2F 2-1: Swinging Strike 2-2: Foul Ball, location: 2F 2-2: Ball 3-2: Fielders Choice at 2nd, 1-6 (Groundball, 13, EV 72.5 MPH)
|
|
Batting: SHB Jack Andrews
|
0-0: Called Strike 0-1: Ball 1-1: Foul Ball, location: 2F 1-2: Foul Ball, location: 2F 1-2: Ball 2-2: Ball 3-2: Base on Balls Micah Boshnjaku to second
|
|
Batting: RHB Chiel Palstermans
|
0-0: Called Strike 0-1: Fly out, F8 (Flyball, 8RXD, EV 95.6 MPH)
|
| Top of the 2nd over - 1 run, 2 hits, 1 error, 3 left on base; Pittsburgh 1 - Washington 1 |
| BOTTOM OF THE 2ND |
|
Washington Nationals batting - Pitching for Pittsburgh Pirates : LHP Felix Bernal
|
|
Batting: SHB Mark Rennie
|
0-0: Ball 1-0: Called Strike 1-1: Swinging Strike 1-2: Strikes out swinging
|
|
Batting: RHB Eric Wiss
|
0-0: Foul Ball, location: 2F 0-1: Swinging Strike 0-2: Strikes out swinging
|
|
Batting: RHB Nate Dickinson
|
0-0: Ball 1-0: Foul Ball, location: 2F 1-1: Fly out, F8 (Flyball, 89M, EV 89.4 MPH)
|
| Bottom of the 2nd over - 0 runs, 0 hits, 0 errors, 0 left on base; Pittsburgh 1 - Washington 1 |
| TOP OF THE 3RD |
|
Pittsburgh Pirates batting - Pitching for Washington Nationals : LHP Kerry Baty
|
|
Batting: LHB Jordan de Jesus
|
0-0: Ball 1-0: Ball 2-0: Ball 3-0: Base on Balls
|
|
Batting: RHB David Contreras
|
0-0: Called Strike Jordan de Jesus steals 2nd base 0-1: Ball 1-1: Foul Ball, location: 2F 1-2: Strikes out swinging
|
|
Batting: LHB Nick Rooney
|
0-0: Ball 1-0: Called Strike 1-1: Ball 2-1: Called Strike 2-2: Strikes out swinging
|
|
Batting: RHB Jason Moss
|
0-0: Called Strike 0-1: Called Strike 0-2: Ball 1-2: Strikes out swinging
|
| Top of the 3rd over - 0 runs, 0 hits, 0 errors, 1 left on base; Pittsburgh 1 - Washington 1 |
| BOTTOM OF THE 3RD |
|
Washington Nationals batting - Pitching for Pittsburgh Pirates : LHP Felix Bernal
|
|
Batting: RHB Dusty Ballard
|
0-0: Swinging Strike 0-1: Fly out, F8 (Flyball, 8LD, EV 88.1 MPH)
|
|
Batting: RHB Hisayuki Akiyama
|
0-0: Ground out 5-3 (Groundball, 56S, EV 83.1 MPH)
|
|
Batting: LHB Bob Melley
|
0-0: Foul Ball, location: 2F 0-1: Ball 1-1: Foul Ball, location: 2F 1-2: Ball 2-2: Strikes out swinging
|
| Bottom of the 3rd over - 0 runs, 0 hits, 0 errors, 0 left on base; Pittsburgh 1 - Washington 1 |
| TOP OF THE 4TH |
|
Pittsburgh Pirates batting - Pitching for Washington Nationals : LHP Kerry Baty
|
|
Pitching: RHP Stacey Kerssies
|
|
|
Batting: LHB Brad Pepin
|
0-0: Ball 1-0: SOLO HOME RUN (Flyball, 9D, EV 96.9 MPH), Distance : 372 ft
|
|
Batting: SHB Brad Day
|
0-0: Foul Ball, location: 2F 0-1: Foul Ball, location: 2F 0-2: Ball 1-2: Fly out, F7 (Flyball, 7, EV 86.2 MPH)
|
|
Batting: LHB Micah Boshnjaku
|
0-0: Swinging Strike 0-1: Called Strike 0-2: Ball 1-2: Ball 2-2: Ball 3-2: Base on Balls
|
|
Batting: SHB Jack Andrews
|
0-0: Ball Micah Boshnjaku steals 2nd base 1-0: Ball 2-0: Foul Ball, location: 2F 2-1: Foul Ball, location: 2F 2-2: Foul Ball, location: 2F 2-2: Ball 3-2: Ground out 6-3 (Groundball, 6, EV 87.5 MPH) Micah Boshnjaku to third
|
|
Pinch Hitting: RHB Bubba Tierney
|
0-0: Ball 1-0: Ball 2-0: Ball 3-0: Called Strike 3-1: Foul Ball, location: 2F 3-2: Base on Balls
|
|
Batting: LHB Jordan de Jesus
|
0-0: Ball 1-0: Ball 2-0: Called Strike 2-1: TRIPLE (Flyball, 89XD, EV 106.2 MPH) Micah Boshnjaku scores Bubba Tierney scores
|
|
Pitching: RHP Chris Doty
|
|
|
Batting: RHB David Contreras
|
0-0: Called Strike 0-1: Ball Wild Pitch! Jordan de Jesus scores 1-1: Swinging Strike 1-2: Ball 2-2: Ball 3-2: Foul Ball, location: 2F 3-2: Base on Balls
|
|
Batting: LHB Nick Rooney
|
0-0: Called Strike 0-1: Fly out, F7 (Flyball, 7LS, EV 78.8 MPH)
|
| Top of the 4th over - 4 runs, 2 hits, 0 errors, 1 left on base; Pittsburgh 5 - Washington 1 |
| BOTTOM OF THE 4TH |
|
Washington Nationals batting - Pitching for Pittsburgh Pirates : LHP Felix Bernal
|
|
Now at SS: Bubba Tierney
|
|
|
Batting: RHB Dave Vargas
|
0-0: Swinging Strike 0-1: TRIPLE (Line Drive, 7LD, EV 112.5 MPH)
|
|
Batting: RHB Dan Fallon
|
0-0: Ball 1-0: Called Strike 1-1: Foul Ball, location: 2F 1-2: Foul Ball, location: 2F 1-2: Strikes out looking
|
|
Batting: LHB Seth Cook
|
0-0: Called Strike 0-1: Fly out, F9 (Flyball, 9S, EV 78.8 MPH)
|
|
Batting: SHB Mark Rennie
|
0-0: Called Strike 0-1: Called Strike 0-2: Ball 1-2: Ball 2-2: Ball 3-2: Ground out 6-3 (Groundball, 6, EV 89.4 MPH)
|
| Bottom of the 4th over - 0 runs, 1 hit, 0 errors, 1 left on base; Pittsburgh 5 - Washington 1 |
| TOP OF THE 5TH |
|
Pittsburgh Pirates batting - Pitching for Washington Nationals : RHP Chris Doty
|
|
Pitching: RHP Josh Wellman
|
|
|
Now in LF: Antonio Laurel
|
|
|
Now in RF: Griffin Ferris
|
|
|
Batting: RHB Jason Moss
|
0-0: Foul Ball, location: 2F 0-1: Ball 1-1: Ball 2-1: Ball 3-1: Base on Balls
|
|
Pinch Hitting: LHB Chris Salim
|
0-0: Ball 1-0: Ball 2-0: Sac Bunt to 25 - play at first, batter OUT! 5-3 Jason Moss to second
|
|
Batting: SHB Brad Day
|
0-0: Ball 1-0: Ball 2-0: Foul Ball, location: 2F 2-1: Foul Ball, location: 2F 2-2: Ball 3-2: Foul Ball, location: 2F 3-2: SINGLE (Groundball, P, EV 87.5 MPH) (infield hit) Jason Moss to third
|
|
Pinch Hitting: LHB Edwin Aguilar
|
0-0: Ball Brad Day steals 2nd base 1-0: Swinging Strike 1-1: Ball 2-1: Called Strike 2-2: Strikes out swinging
|
|
Batting: SHB Jack Andrews
|
0-0: Ball 1-0: Called Strike 1-1: DOUBLE (Groundball, 3L, EV 105.6 MPH) Jason Moss scores Brad Day scores
|
|
Batting: RHB Bubba Tierney
|
0-0: Foul Ball, location: 2F 0-1: Swinging Strike 0-2: Strikes out swinging
|
| Top of the 5th over - 2 runs, 2 hits, 0 errors, 1 left on base; Pittsburgh 7 - Washington 1 |
| BOTTOM OF THE 5TH |
|
Washington Nationals batting - Pitching for Pittsburgh Pirates : LHP Felix Bernal
|
|
Now at C: Chris Pozzi
|
|
|
Now at 3B: Trevor Weareorwear
|
|
|
Now in LF: Xavier Pittman
|
|
|
Now in CF: Edwin Aguilar
|
|
|
Now in RF: Chris Salim
|
|
|
Batting: RHB Eric Wiss
|
0-0: Ground out 6-3 (Groundball, 6, EV 82.5 MPH)
|
|
Batting: RHB Nate Dickinson
|
0-0: Ball 1-0: Called Strike 1-1: Ball 2-1: Swinging Strike 2-2: Foul Ball, location: 2F 2-2: Strikes out swinging
|
|
Batting: RHB Dusty Ballard
|
0-0: Ball 1-0: Called Strike 1-1: Ball 2-1: Foul Ball, location: 2F 2-2: Strikes out looking
|
| Bottom of the 5th over - 0 runs, 0 hits, 0 errors, 0 left on base; Pittsburgh 7 - Washington 1 |
| TOP OF THE 6TH |
|
Pittsburgh Pirates batting - Pitching for Washington Nationals : RHP Josh Wellman
|
|
Now at C: Evan Oliveri
|
|
|
Now at 1B: Jae-ik Soung
|
|
|
Batting: LHB Jordan de Jesus
|
0-0: Ball 1-0: DOUBLE (Line Drive, 89D, EV 106.9 MPH)
|
|
Batting: LHB Xavier Pittman
|
0-0: Ball 1-0: Ball 2-0: Foul Ball, location: 2F 2-1: Ball 3-1: Fly out, F9 (Flyball, 9D, EV 105.0 MPH) Runner from 2nd tags up, SAFE at 3rd, no throw by RF
|
|
Batting: LHB Nick Rooney
|
0-0: Ball 1-0: Ball 2-0: Ball 3-0: Base on Balls
|
|
Batting: RHB Chris Pozzi
|
0-0: Foul Ball, location: 2F 0-1: Swinging Strike 0-2: Strikes out swinging
|
|
Batting: LHB Chris Salim
|
0-0: Ball 1-0: Swinging Strike 1-1: Ball Wild Pitch! Jordan de Jesus scores Nick Rooney to second 2-1: Ball 3-1: Base on Balls
|
|
Pitching: LHP Virgílio Beyfus
|
|
|
Batting: SHB Trevor Weareorwear
|
0-0: Called Strike 0-1: Ball 1-1: Called Strike 1-2: Strikes out looking
|
| Top of the 6th over - 1 run, 1 hit, 0 errors, 2 left on base; Pittsburgh 8 - Washington 1 |
| BOTTOM OF THE 6TH |
|
Washington Nationals batting - Pitching for Pittsburgh Pirates : LHP Felix Bernal
|
|
Pitching: RHP Hugo Rodriguez
|
|
|
Batting: RHB Hisayuki Akiyama
|
0-0: Foul Ball, location: 2F 0-1: Ball 1-1: Swinging Strike 1-2: Strikes out swinging
|
|
Batting: RHB Antonio Laurel
|
0-0: Ball 1-0: Ball 2-0: Ground out 1-3 (Groundball, 15S, EV 63.1 MPH)
|
|
Batting: LHB Griffin Ferris
|
0-0: Ball 1-0: Ground out 4-3 (Groundball, 4, EV 88.1 MPH)
|
| Bottom of the 6th over - 0 runs, 0 hits, 0 errors, 0 left on base; Pittsburgh 8 - Washington 1 |
| TOP OF THE 7TH |
|
Pittsburgh Pirates batting - Pitching for Washington Nationals : LHP Virgílio Beyfus
|
|
Pitching: RHP Travis Plesz
|
|
|
Now in CF: Kyung-jin Cho
|
|
|
Batting: LHB Edwin Aguilar
|
0-0: Foul Ball, location: 2F 0-1: Ball 1-1: Ground out 6-3 (Groundball, 4MD, EV 104.4 MPH)
|
|
Batting: RHB Robby Poyfair
|
0-0: Ball 1-0: Ball 2-0: Called Strike 2-1: Foul Ball, location: 2F 2-2: Ball 3-2: Strikes out swinging
|
|
Batting: RHB Bubba Tierney
|
0-0: Ball 1-0: Foul Ball, location: 2F 1-1: Ball 2-1: Fly out, F7 (Flyball, 7LS, EV 80.6 MPH)
|
| Top of the 7th over - 0 runs, 0 hits, 0 errors, 0 left on base; Pittsburgh 8 - Washington 1 |
| BOTTOM OF THE 7TH |
|
Washington Nationals batting - Pitching for Pittsburgh Pirates : RHP Hugo Rodriguez
|
|
Pitching: RHP Don Boudreau
|
|
|
Now at 1B: Jordan de Jesus
|
|
|
Now at 2B: Xavier Pittman
|
|
|
Now in LF: Sammy Roddenberry
|
|
|
Batting: LHB Jae-ik Soung
|
0-0: SOLO HOME RUN (Flyball, 8LXD, EV 115.6 MPH), Distance : 457 ft
|
|
Batting: LHB Evan Oliveri
|
0-0: Ball 1-0: Fly out, F8 (Line Drive, 8LD, EV 95.0 MPH)
|
|
Batting: LHB Alexis Cantu
|
0-0: Swinging Strike 0-1: Swinging Strike 0-2: Foul Ball, location: 2F 0-2: Strikes out swinging
|
|
Batting: RHB Eric Wiss
|
0-0: Ball 1-0: Foul Ball, location: 2F 1-1: Ball 2-1: Ball 3-1: Called Strike 3-2: Fly out, F7 (Flyball, 7, EV 84.4 MPH)
|
| Bottom of the 7th over - 1 run, 1 hit, 0 errors, 0 left on base; Pittsburgh 8 - Washington 2 |
| TOP OF THE 8TH |
|
Pittsburgh Pirates batting - Pitching for Washington Nationals : RHP Travis Plesz
|
|
Pitching: LHP Peni Keli'i
|
|
|
Batting: LHB Jordan de Jesus
|
0-0: Swinging Strike 0-1: Hit by Pitch
|
|
Batting: LHB Xavier Pittman
|
0-0: Called Strike Jordan de Jesus steals 2nd base 0-1: Ball 1-1: Foul Ball, location: 2F 1-2: Ball 2-2: Strikes out looking
|
|
Batting: LHB Sammy Roddenberry
|
0-0: Foul Ball, location: 2F 0-1: Called Strike 0-2: Ball 1-2: Foul Ball, location: 2F 1-2: Reached on error, E1 (Groundball, 13S, EV 65.0 MPH) Jordan de Jesus to third
|
|
Batting: RHB Chris Pozzi
|
0-0: Called Strike 0-1: Ball 1-1: Called Strike 1-2: Foul Ball, location: 2F 1-2: Strikes out swinging
|
|
Batting: LHB Chris Salim
|
0-0: Ball 1-0: Called Strike 1-1: Ball 2-1: Ball 3-1: Swinging Strike 3-2: Foul Ball, location: 2F 3-2: Foul Ball, location: 2F 3-2: Base on Balls Sammy Roddenberry to second
|
|
Batting: SHB Trevor Weareorwear
|
0-0: Ball 1-0: Ground out 3-1 (Groundball, 34, EV 105.0 MPH)
|
| Top of the 8th over - 0 runs, 0 hits, 1 error, 3 left on base; Pittsburgh 8 - Washington 2 |
| BOTTOM OF THE 8TH |
|
Washington Nationals batting - Pitching for Pittsburgh Pirates : RHP Don Boudreau
|
|
Pitching: RHP Doug Rawson
|
|
|
Batting: LHB Kyung-jin Cho
|
0-0: Ball 1-0: Ball 2-0: Ball 3-0: Called Strike 3-1: Called Strike 3-2: Strikes out swinging
|
|
Batting: RHB Dusty Ballard
|
0-0: Swinging Strike 0-1: Ball 1-1: Swinging Strike 1-2: Ball 2-2: Ball 3-2: Ground out 4-3 (Groundball, 4, EV 91.9 MPH)
|
|
Batting: RHB Hisayuki Akiyama
|
0-0: SINGLE (Line Drive, 56D, EV 96.9 MPH)
|
|
Batting: RHB Antonio Laurel
|
0-0: Swinging Strike 0-1: Swinging Strike 0-2: Strikes out looking
|
| Bottom of the 8th over - 0 runs, 1 hit, 0 errors, 1 left on base; Pittsburgh 8 - Washington 2 |
| TOP OF THE 9TH |
|
Pittsburgh Pirates batting - Pitching for Washington Nationals : LHP Peni Keli'i
|
|
Pitching: RHP Cory Jones
|
|
|
Batting: LHB Edwin Aguilar
|
0-0: Ball 1-0: Ball 2-0: Called Strike 2-1: Ball 3-1: Base on Balls
|
|
Batting: RHB Robby Poyfair
|
0-0: Ball 1-0: Foul Ball, location: 2F 1-1: Ball 2-1: Fly out, F9 (Flyball, 89M, EV 91.9 MPH)
|
|
Batting: RHB Bubba Tierney
|
0-0: Called Strike 0-1: Swinging Strike 0-2: Ball 1-2: Strikes out swinging
|
|
Batting: LHB Jordan de Jesus
|
0-0: Swinging Strike 0-1: Swinging Strike 0-2: Ball 1-2: Strikes out swinging
|
| Top of the 9th over - 0 runs, 0 hits, 0 errors, 1 left on base; Pittsburgh 8 - Washington 2 |
| BOTTOM OF THE 9TH |
|
Washington Nationals batting - Pitching for Pittsburgh Pirates : RHP Doug Rawson
|
|
Pitching: RHP Walt Quinn
|
|
|
Batting: LHB Griffin Ferris
|
0-0: Ground out 6-3 (Groundball, 6, EV 104.4 MPH)
|
|
Batting: LHB Jae-ik Soung
|
0-0: Ball 1-0: Ball 2-0: Swinging Strike 2-1: TRIPLE (Flyball, 78XD, EV 104.4 MPH)
|
|
Batting: LHB Evan Oliveri
|
0-0: Ball 1-0: Ball 2-0: Ball 3-0: Called Strike 3-1: Swinging Strike 3-2: Ground out U3 (Groundball, 3, EV 81.2 MPH)
|
|
Batting: LHB Alexis Cantu
|
0-0: Swinging Strike 0-1: Swinging Strike 0-2: Strikes out looking
|
| Bottom of the 9th over - 0 runs, 1 hit, 0 errors, 1 left on base; Pittsburgh 8 - Washington 2 |
|